 Dungeon Crawl Stone Soup version 0.27-a0-652-g2d5cf1dcd3 (webtiles) character file.

Game seed: 6432763817817750233

113 Allula97 the Sneak (level 4, -2/21 HPs)
             Began as a Vine Stalker Enchanter on Mar 16, 2021.
             Was a Believer of Cheibriados.
             Slain by an orc priest
             ... wielding a +0 hand axe
              (5 damage)
             ... on level 4 of the Dungeon.
             The game lasted 00:07:36 (4129 turns).

Allula97 the Sneak (Vine Stalker Enchanter)         Turns: 4129, Time: 00:07:36

Health: -2/21      AC:  5    Str: 12 (15) XL:     4   Next: 96%
Magic:  0/8        EV:  8    Int: 19 (20) God:    Cheibriados [**....]
Gold:   265        SH:  7    Dex: 18 (21) Spells: 4/7 levels left

rFire    . . .     SeeInvis .   n - +0 rapier
rCold    . . .     Faith    .   e - +0 kite shield
rNeg     . . .     Spirit   +   d - +0 ring mail
rPois    +         Reflect  .   (no helmet)
rElec    .         Harm     .   (no cloak)
rCorr    .         Rampage  .   (no gloves)
Will     .....                  (no boots)
Stlth    ++........             (no amulet)
HPRegen  1.07/turn              h - ring of poison resistance
MPRegen  0.11/turn              (no ring)

@: very slow
A: fangs 2, regeneration 1, magic shield, antimagic bite, no potion heal 3
a: Renounce Religion, Bend Time


You were on level 4 of the Dungeon.
You worshipped Cheibriados.
Cheibriados was pleased with you.
You visited 1 branch of the dungeon, and saw 4 of its levels.

You collected 265 gold pieces.

Inventory:

Hand Weapons
 a - a +1 dagger
 n - a +0 rapier (weapon)
Armour
 b - a +0 robe
 d - a +0 ring mail (worn)
 e - a +0 kite shield (worn)
Jewellery
 h - a ring of poison resistance (right hand)
Wands
 m - a wand of flame (9)
 p - a wand of paralysis (9)
Scrolls
 c - 4 scrolls of identify {unknown}
 f - 2 scrolls of enchant armour {unknown}
 i - a scroll of amnesia {unknown}
 j - a scroll of noise {unknown}
 q - a scroll of enchant weapon {unknown}
 s - a scroll of fear {unknown}
Potions
 k - a potion of attraction {unknown}
 o - a potion of curing {unknown}
 r - a potion of heal wounds {unknown}


   Skills:
 * Level 0.8 Fighting
 * Level 1.4 Short Blades
 * Level 1.7 Armour
 * Level 2.0 Dodging
 * Level 4.4 Stealth
 + Level 0.3 Shields
 * Level 2.3 Spellcasting
 * Level 3.2 Hexes
 * Level 0.6 Invocations


You had 4 spell levels left.
You knew the following spells:

 Your Spells              Type           Power      Damage    Failure   Level
a - Corona                Hex            15%        N/A       54%         1
b - Ensorcelled Hibernat  Hex/Ice        16%        N/A       88%         2

Your spell library contained the following spells:

 Spells                   Type           Power      Damage    Failure   Level
 Confusing Touch          Hex            14%        N/A       88%         3
 Tukima's Dance           Hex            14%        N/A       88%         3
 Dazzling Flash           Conj/Hex       16%        N/A       98%         3


Dungeon Overview and Level Annotations

Branches:
Dungeon (4/15)             Temple (0/1) D:4

Altars:
Cheibriados
Hepliaklqana
Uskayaw
Zin

Annotations:
D:4 Pikel


Innate Abilities, Weirdness & Mutations

You have extremely sharp teeth.
Your natural rate of healing is unusually fast.
When hurt, damage is shared between your health and your magic reserves.
Your bite disrupts and absorbs the magic of your enemies.
Potions cannot restore your health.


Message History

You feel invigorated.
The orc priest is lightly wounded.
You feel less invigorated.
You feel less confused.
The orc priest hits you but does no damage.
The orc hits you with a +0 dagger. You block the orc's attack.
The iguana barely misses you.
Pikel the Slaver comes into view.
He is wielding a +0 whip of freezing.
The orc priest hits you with a +0 hand axe.
* * * LOW HITPOINT WARNING * * *
The orc barely misses you. x2
The iguana barely misses you.
The orc priest hits you with a +0 hand axe.
* * * LOW HITPOINT WARNING * * *
You block the iguana's attack. The iguana bites you.
* * * LOW HITPOINT WARNING * * *
A lemure comes into view.
The orc priest hits you with a +0 hand axe.
* * * LOW HITPOINT WARNING * * *
The lemure moves out of view.
You barely miss the orc priest.
You bite the orc priest, but do no damage.
The orc priest is lightly wounded.
You block the orc priest's attack.
You hit the orc priest.
You bite the orc priest, but do no damage.
The orc priest is lightly wounded.
The orc priest barely misses you.
The orc priest hits you but does no damage.
You hit the orc priest. You bite the orc priest. You drain its power.
You feel invigorated.
The orc priest is heavily wounded.
The orc priest hits you with a +0 hand axe.
* * * LOW HITPOINT WARNING * * *
You hit the orc priest.
The orc priest is almost dead.
The orc priest hits you with a +0 hand axe.
* * * LOW HITPOINT WARNING * * *
The orc priest hits you with a +0 hand axe.
You die...

.....### #. .....##
#...♣.♣..# .....>)).#
...♣.♣..## ........o5##
.. ....K.#####lo#
#........######o#
............##@#
#.#........##.#
..........##.#
#..#...#..#.## #
##.#......#..##
....##.......<.##..######
..........÷..............
.......#....>.#..........
..#######.....##.........


You could see a lemure, an iguana, an orc priest and 2 orcs.

Vanquished Creatures
  3 adders
  2 oozes
  A worm (D:2)
  A dart slug (D:2)
  3 leopard geckos
  5 orcs
  3 giant cockroaches
  7 goblins
  3 hobgoblins (D:2)
  3 jackals (D:2)
  2 quokkas (D:3)
  3 ball pythons
  5 bats
  5 frilled lizards
  13 kobolds
  A leopard gecko skeleton (D:4)
  2 rats
62 creatures vanquished.

Notes
Turn   | Place    | Note
-------+----------+-------------------------------------------
     0 | D:1      | Allula97 the Vine Stalker Enchanter began the quest for the
                  | Orb.
     0 | D:1      | Reached XP level 1. HP: 9/9 MP: 4/4
   640 | D:1      | Found a snail-covered altar of Cheibriados.
   651 | D:1      | Reached XP level 2. HP: 5/13 MP: 1/6
   658 | D:1      | Reached skill level 1 in Short Blades
   670 | D:1      | Became a worshipper of Cheibriados the Contemplative
  1017 | D:1      | Reached skill level 4 in Stealth
  1543 | D:1      | Reached XP level 3. HP: 13/17 MP: 5/7
  1720 | D:1      | Reached skill level 1 in Armour
  1777 | D:2      | Found a glowing silver altar of Zin.
  1837 | D:2      | You fall into a shaft and drop 2 floors!
  1843 | D:4      | Reached * piety under Cheibriados
  1950 | D:3      | Found a hide-covered altar of Uskayaw.
  2619 | D:2      | Gained mutation: Your natural rate of healing is unusually
                  | fast. [Vine Stalker growth]
  2619 | D:2      | Reached XP level 4. HP: 20/21 MP: 8/8
  2977 | D:2      | Found a hazy altar of Hepliaklqana.
  3043 | D:2      | Reached ** piety under Cheibriados
  3135 | D:2      | Learned a level 2 spell: Ensorcelled Hibernation
  4105 | D:4      | Found a staircase to the Ecumenical Temple.
  4116 | D:4      | Noticed a lemure
  4121 | D:4      | Noticed Pikel
  4125 | D:4      | Noticed a lemure
  4129 | D:4      | Slain by an orc priest

Illustrated notes

Levels and vault maps discovered:
D:1:      dpeg_arrival_refuge, layout_loops_ring, cheibriados_altar_1
D:2:      layout_basic, zin_scriptorium, marbit_many_paths
D:3:      layout_loops_ring, general_overflow_altar
D:4:      layout_rooms, minmay_temple_entry_trees,
          hangedman_abyss_or_decor_stagger, uniq_pikel, uniq_edmund

Skill      XL: |  1  2  3  4 |
---------------+-------------+-----
Short Blades   | 1 |  1.4
Stealth        | 4 |  4.4
Armour         | 1 |  1.7
Dodging        | 2 |  2.0
Fighting       | |  0.8
Shields        | |  0.3
Spellcasting   | |  2.3
Hexes          | |  3.2
Invocations    | |  0.6

Action                   |  1- 3 |  4- 6 || total
-------------------------+-------+-------++-------
Melee: Dagger            |   131 |    18 ||   149
       Bite              |    28 |    30 ||    58
       Rapier            |       |    69 ||    69
Invok: Bend Time         |       |     1 ||     1
  Use: Potion            |       |     2 ||     2
 Stab: Sleeping          |     4 |     6 ||    10
Armor: Ring mail         |    50 |    21 ||    71
       Robe              |     3 |       ||     3
Dodge: Dodged            |    50 |    36 ||    86
Block: Kite shield       |    39 |    39 ||    78

Table legend: (Time is in decaauts)
 A = Elapsed time spent in this place.
 B = Non-inter-level travel time spent in this place.
 C = Inter-level travel time spent in this place.
 D = Time resting spent in this place.
 E = Time spent auto-exploring this place.
 F = Levels seen in this place.
 G = Mean time per level.
                   A        B        C        D        E       F      G
               +--------+--------+--------+--------+--------+-----+--------+
         Total |   5042 |   4823 |    219 |      0 |   3869 |   4 | 1260.5 |
       Dungeon |   5042 |   4823 |    219 |      0 |   3869 |   4 | 1260.5 |
               +--------+--------+--------+--------+--------+-----+--------+

Top non-repeatable levels by time:
     D:2: 1983 daAuts
     D:1: 1930 daAuts
     D:3: 1003 daAuts
     D:4: 125 daAuts
